 Dungeon Crawl Stone Soup version 0.28-a0-1312-g71652a0310 (webtiles) character file.

Game seed: 9766421362353504455

2 Inchronoth the Firebug (level 1, 0/16 HPs)
             Began as an Ogre Fire Elementalist on Dec 27, 2021.
             Slain by a jackal (1 damage)
             ... on level 1 of the Dungeon.
             The game lasted 00:04:31 (127 turns).

Inchronoth the Firebug (Ogre Fire Elementalist)      Turns: 127, Time: 00:04:32

Health: 0/16       AC:  3    Str: 11    XL:     1   Next: 30%
Magic:  2/3        EV:  9    Int: 16    God:
Gold:   0          SH:  0    Dex:  9    Spells: 3/4 levels left

rFire   . . .      SeeInvis .   (no weapon)
rCold   . . .      Faith    .   (no shield)
rNeg    . . .      Spirit   .   a - +0 robe
rPois   .          Reflect  .   (helmet restricted)
rElec   .          Harm     .   (no cloak)
rCorr   .          Rampage  .   (gloves unavailable)
Will    .....                   (boots unavailable)
Stlth   +.........              (no amulet)
HPRegen 0.05/turn               (no ring)
MPRegen 0.08/turn               (no ring)

@: very slightly contaminated
A: large, unfitting armour, tough skin 1
a: no special abilities


You were on level 1 of the Dungeon.
You visited 1 branch of the dungeon, and saw 1 of its levels.

Inventory:

Armour
 a - a +0 robe (worn)


   Skills:
 + Level 1.8 Dodging
 + Level 1.4 Stealth
 + Level 2.4 Spellcasting
 + Level 0.9 Conjurations
 + Level 2.7 Fire Magic


You had 3 spell levels left.
You knew the following spells:

 Your Spells              Type           Power      Damage    Failure   Level
a - Foxfire               Conj/Fire      28%        2x1d5     10%         1

Your spell library contained the following spells:

 Spells                   Type           Power      Damage    Failure   Level
 Scorch                   Fire           20%        2d6       10%         2
 Conjure Flame            Conj/Fire      7%         6-21      28%         3
 Inner Flame              Hex/Fire       6%         N/A       34%         3
 Flame Wave               Conj/Fire      7%         2d4       67%         4


Dungeon Overview and Level Annotations

Branches:
Dungeon (1/15)

Altars:


Innate Abilities, Weirdness & Mutations

You are too large for most types of armour.
You have tough skin. (AC +1)


Message History

The goblin is severely wounded.
The jackal barely misses you. x2; The goblin hits you with a +0 club.
The jackal barely misses you.
You barely miss the goblin.
The goblin is severely wounded.
The jackal bites you but does no damage.
The jackal barely misses you. The goblin hits you but does no damage.
The jackal misses you.
You closely miss the goblin.
The goblin is severely wounded.
The jackal bites you but does no damage. x2
The goblin hits you with a +0 club. The jackal completely misses you.
You hit the goblin.
You kill the goblin!
The jackal bites you.
* * * LOW HITPOINT WARNING * * *
The jackal bites you but does no damage.
The jackal barely misses you. The jackal bites you.
* * * LOW HITPOINT WARNING * * *
The jackal bites you but does no damage.
You see here a +0 club.
The jackal bites you.
* * * LOW HITPOINT WARNING * * *
The jackal bites you but does no damage.
The jackal misses you. The jackal bites you.
* * * LOW HITPOINT WARNING * * *
You completely miss the jackal. You barely miss the jackal.
The jackal bites you.
* * * LOW HITPOINT WARNING * * *
The jackal bites you but does no damage.
Casting: Foxfire (safe; 10% risk of failure)
Confirm with . or Enter, or press ? or * to list all spells.
You miscast Foxfire.
You are very lightly contaminated with residual magic.
Nothing appears to happen.
The jackal closely misses you. x2
The jackal bites you but does no damage. x2
The jackal bites you but does no damage.
The jackal bites you.
You die...

*****#............######
*,,,,+............'.....
*,***#............###### *,*
####........#...#,, *,*
#.######.#....., ** *,*
##.)..........#.. ,* *,*
#..#......#...... ,** *,*
###h.#.#.......#### ,,********,**
#.@h........#.#≈≈≈# ,,,,,,,,,,,,*
#.#..#.#.)..#,#≈≈≈≈ *,********,,*
#.#..#......#,##≈≈. ,,,,,,,,,,,,*
#.#..#.#.#.##,#≈≈.. *,*******,,,*
#.#..#.#.....,≈≈... *,,,,,,,,,,,*
#....#.#......≈....
*,>*****,,,,**####.#....$........
,,,,,,,,,,,,,,,,,..###......≈..(.
,,,,,,**,**,*********#.,....≈≈...


You could see 2 jackals.

Vanquished Creatures
  A goblin (D:1)
  A kobold (D:1)
2 creatures vanquished.

Vanquished Creatures (others)
  2 foxfires (D:1)
2 creatures vanquished.

Grand Total: 4 creatures vanquished

Notes
Turn   | Place    | Note
-------+----------+-------------------------------------------
     0 | D:1      | Inchronoth the Ogre Fire Elementalist began the quest for
                  | the Orb.
     0 | D:1      | Reached XP level 1. HP: 16/16 MP: 3/3
   127 | D:1      | Slain by a jackal

Illustrated notes

Levels and vault maps discovered:
D:1:      enne_arrival_octagon_isle, layout_basic,
          shapermc_ecumenical_altar_ellora

Action                   || total
-------------------------++-------
Melee: Unarmed           ||    13
 Cast: Foxfire           ||     1
  Use: Scroll            ||     1
Armor: Robe              ||    12
Dodge: Dodged            ||    17

Table legend: (Time is in decaauts)
 A = Elapsed time spent in this place.
 B = Non-inter-level travel time spent in this place.
 C = Inter-level travel time spent in this place.
 D = Time resting spent in this place.
 E = Time spent auto-exploring this place.
 F = Levels seen in this place.
 G = Mean time per level.
                   A        B        C        D        E       F      G
               +--------+--------+--------+--------+--------+-----+--------+
         Total |    127 |     33 |     94 |      0 |      0 |   1 |  127.0 |
       Dungeon |    127 |     33 |     94 |      0 |      0 |   1 |  127.0 |
               +--------+--------+--------+--------+--------+-----+--------+

Top non-repeatable levels by time:
     D:1: 127 daAuts
